 Dungeon Crawl Stone Soup version 0.31-a0-222-gefeffbb62a (webtiles) character file.

Game seed: 3853867177826987258

85 qw the Shooter (level 4, -10/26 HPs)
             Began as a Gargoyle Hexslinger on July 5, 2023.
             Killed by divine providence
             ... invoked by an orc priest
              (13 damage)
             ... on level 3 of the Dungeon.
             The game lasted 00:00:41 (1628 turns).

qw the Shooter (Gargoyle Hexslinger)                Turns: 1628, Time: 00:00:41

Health: -10/26     AC:  6    Str: 12    XL:     4   Next: 48%
Magic:  5/5        EV: 11    Int: 13    God:
Gold:   80         SH:  0    Dex: 14    Spells: 4/5 levels left

rFire   . . .        Y - +1 sling
rCold   . . .        (no shield)
rNeg    + . .        h - +0 leather armour
rPois   inf          (no helmet)
rElec   +            (no cloak)
rCorr   .            (no gloves)
SInv    .            (no boots)
Will    +....        (no amulet)
Stlth   +            i - ring of willpower
HPRegen 0.24/turn    (no ring)
MPRegen 0.09/turn

%: no passive effects
@: no status effects
A: sickness immunity, AC +3, negative energy resistance 1, electricity
resistance, torment resistance 1, petrification resistance
a: no special abilities


You were on level 3 of the Dungeon.
You visited 1 branch of the dungeon, and saw 3 of its levels.

You collected 80 gold pieces.


Innate Abilities, Weirdness & Mutations

You are immune to sickness and miasma.
Your stone body is resilient. (AC +3)
You are immune to poison.
You resist negative energy. (rN+)
You are resistant to electric shocks. (rElec)
You are resistant to unholy torment.
You are immune to petrification.


   Skills:
 - Level 2.0 Fighting
 + Level 4.2 Ranged Weapons
 - Level 1.5 Dodging
 - Level 1.0 Spellcasting
 - Level 2.6 Hexes


You had 4 spell levels left.
You knew the following spells:

 Your Spells              Type           Power      Damage    Failure   Level
a - Slow                  Hex            28%        N/A       12%         1

Your spell library contained the following spells:

 Spells                   Type           Power      Damage    Failure   Level
 Inner Flame              Hex/Fire       4%         N/A       52%         3
 Portal Projectile        Hex/Tloc       8%         N/A       52%         3
 Cause Fear               Hex            3%         N/A       75%         4

Inventory:

Hand Weapons
 Y - a +1 sling (weapon)
Armour
 h - a +0 leather armour (worn)
Jewellery
 a - a ring of fire
 i - a ring of willpower (left hand)
Scrolls
 d - a scroll of amnesia {unknown}
Potions
 b - a potion of attraction {unknown}
 c - a potion of might {unknown}
 e - a potion of mutation {unknown}
 j - a potion of resistance {unknown}

Dungeon Overview and Level Annotations

Branches:
Dungeon (3/15)

Altars:

Annotations:
D:2 1 runed translucent door, Crazy Yiuf


Message History

The orc is severely wounded.
The orc hits you but does no damage.
You shoot a sling bullet. The sling bullet barely misses the orc.
The sling bullet hits the orc but does no damage.
The orc is severely wounded.
The orc barely misses you.
The orc priest calls upon Beogh to heal the orc.
The orc's wounds heal themselves!
You shoot a sling bullet.
The sling bullet closely misses the orc. x2
The sling bullet barely misses the orc.
The sling bullet closely misses the orc priest.
The orc hits you with a +0 hand axe.
You shoot a sling bullet. The sling bullet barely misses the orc.
The sling bullet hits the orc.
You kill the orc!
The orc hits you with a +0 hand axe.
A frilled lizard comes into view.
The orc completely misses you.
You shoot a sling bullet.
The sling bullet barely misses the orc. x2
The sling bullet barely misses the orc priest.
The sling bullet closely misses the frilled lizard.
The frilled lizard hisses angrily.
The orc closely misses you.
The orc priest calls down the wrath of Beogh upon you.
Beogh smites you!
Ouch! That really hurt!
You shoot a sling bullet. The sling bullet hits the orc.
You kill the orc!
You shoot a sling bullet. The sling bullet hits the orc.
The orc is heavily wounded.
The orc closely misses you.
You shoot a sling bullet.
The sling bullet closely misses the orc. x2
The sling bullet misses the frilled lizard.
The orc barely misses you.
The orc priest mumbles some strange prayers to Beogh against you.
Beogh smites you!
Ouch! That really hurt!
You die...

###############
....loo@......#
.....o#######.#
##### #.# #.#
#.# #.# #.# #.#
#.#


You could see an orc priest, 2 orcs and a frilled lizard.

Vanquished Creatures
  3 adders (D:2)
  3 worms (D:2)
  3 dart slugs (D:2)
  2 orcs (D:3)
  2 endoplasms
  A goblin (D:2)
  7 hobgoblins
  4 jackals (D:1)
  A quokka (D:1)
  A ball python (D:1)
  8 bats
  4 frilled lizards (D:1)
  2 kobolds (D:1)
41 creatures vanquished.

Notes
Turn   | Place    | Note
-------+----------+-------------------------------------------
     0 | D:1      | qw the Gargoyle Hexslinger began the quest for the Orb.
     0 | D:1      | Reached XP level 1. HP: 12/12 MP: 2/2
     0 | D:1      | 0 ||| qw: Version: 0.3-a-46-gb1f654a
     0 | D:1      | 0 ||| qw: Game counter: 1017
     0 | D:1      | 0 ||| qw: Melee chars always use a shield: true
     0 | D:1      | 0 ||| qw: God list: Okawaru
     0 | D:1      | 0 ||| qw: Allow faded altars: false
     0 | D:1      | 0 ||| qw: Do Orc after clearing Dungeon:15 true
     0 | D:1      | 0 ||| qw: Do second Lair branch before Depths: true
     0 | D:1      | 0 ||| qw: Lair rune preference: random
     0 | D:1      | 0 ||| qw: Goals: Normal
     0 | D:1      | 0 ||| PLANNING D:1-11
    40 | D:1      | Found a faded altar of an unknown god.
    98 | D:1      | Reached XP level 2. HP: 16/16 MP: 3/3
   160 | D:1      | Reached skill level 3 in Ranged Weapons
   546 | D:1      | 546 ||| UPGRADING to +0 leather armour.
   556 | D:1      | 556 ||| DROPPING +0 robe.
   557 | D:1      | 557 ||| UPGRADING to ring of willpower.
   558 | D:1      | 558 ||| READING scroll labelled HATYOCA OBLA.
   569 | D:1      | 569 ||| READING scroll labelled BIANEACHYN.
   570 | D:1      | 570 ||| READING scroll labelled DIKHLERAMU.
   575 | D:1      | 575 ||| READING scroll labelled XAVEISH UFAU.
   576 | D:1      | 576 ||| DROPPING scroll of poison.
   597 | D:2      | 597 ||| STAIRDANCE
   614 | D:2      | Reached XP level 3. HP: 21/21 MP: 4/4
   656 | D:2      | HP: 3/21 [worm (7)]
   958 | D:2      | Reached XP level 4. HP: 23/26 MP: 5/5
   958 | D:2      | 958 ||| FLEEEEING.
   959 | D:2      | 959 ||| FLEEEEING.
   960 | D:2      | 960 ||| FLEEEEING.
   999 | D:2      | Reached skill level 4 in Ranged Weapons
  1409 | D:2      | Found a runed translucent door.
  1410 | D:2      | Noticed Crazy Yiuf
  1625 | D:3      | HP: 2/26 [orc priest/divine providence (16)]
  1628 | D:3      | Killed from afar by an orc priest

Levels and vault maps discovered:
D:1:      amcnicky_arrival_choice, layout_rooms, basic_ecumenical_altar
D:2:      layout_basic, minmay_misc_feat_diagonals, uniq_crazy_yiuf_cottage
D:3:      layout_basic, mainiacjoe_overflow_alcove_4

Skill      XL: |  1  2  3  4 |
---------------+-------------+-----
Ranged Weapons | 3 4 |  4.2
Fighting       | 2 |  2.0
Dodging        | |  1.5
Spellcasting   | |  1.0
Hexes          | |  2.6

Action                     |  1- 3 |  4- 6 || total
---------------------------+-------+-------++-------
   Fire: Sling             |   116 |    57 ||   173
    Use: Scroll            |     4 |       ||     4
 Armour: Robe              |    16 |       ||    16
         Leather armour    |    17 |    16 ||    33
  Dodge: Dodged            |    70 |    14 ||    84

Table legend:
 A = Non-vault XP
 B = Vault XP
 C = Vault XP percentage of total XP
 D = Non-vault monster count
 E = Vault monster count
 F = Vault count percentage of total count
                 A         B        C        D         E       F
            +---------+---------+-------+---------+---------+-------
      Total |     122 |       0 |   0.0 |      41 |       0 |   0.0
            +---------+---------+-------+---------+---------+-------
        D:1 |      28 |       0 |   0.0 |      19 |       0 |   0.0
        D:2 |      82 |       0 |   0.0 |      17 |       0 |   0.0
        D:3 |      12 |       0 |   0.0 |       5 |       0 |   0.0
            +---------+---------+-------+---------+---------+-------
